 Dungeon Sprint DCSS version 0.28-a0-247-gb8bfbab023 (webtiles) character file.

Game seed: 13122942176566752418

3495 MikeHunt the Carver (level 9, -1/62 HPs)
             Began as a Palentonga Hedge Wizard on Aug 25, 2021.
             Was a High Priest of Makhleb.
             Succumbed to Hoesugyh's poison
             ... in the Dungeon (Sprint V: "Ziggurat Sprint").
             The game lasted 00:04:28 (185 turns).

MikeHunt the Carver (Palentonga Hedge Wizard)        Turns: 185, Time: 00:04:28

Health: -1/62      AC: 13    Str: 19    XL:     9   Next: 80%
Magic:  0/13       EV:  4    Int: 15    God:    Makhleb [*****.]
Gold:   0          SH: 29    Dex: 13    Spells: 13/14 levels left

rFire   . . .      SeeInvis +   K - +7 Screaming Sword {vorpal, sonic wave}
rCold   . . .      Faith    .   J - +18 shield of the Gong {rElec rN+ Will+ EV-5}
rNeg    + . .      Spirit   .   o - +5 storm dragon scales
rPois   .          Reflect  .   c - +0 hat
rElec   +          Harm     .   (no cloak)
rCorr   .          Rampage  .   (no gloves)
Will    +....      NoTele   +   (no barding)
Stlth   ..........              Q - amulet of magic regeneration
HPRegen 0.20/turn               G - +6 ring of strength
MPRegen 0.38/turn               R - +4 ring of evasion

@: lethally poisoned (-1 -> -11), on berserk cooldown, hasted and slowed
A: large, rugged brown scales 3, see invisible, deformed body, roll 1, armoured
tail, reflexive curl
a: Rolling Charge, Renounce Religion, Minor Destruction, Lesser Servant of
Makhleb, Major Destruction, Greater Servant of Makhleb


You were in the Dungeon.
You worshipped Makhleb.
Makhleb was extremely pleased with you.
You visited 1 branch

Inventory:

Hand Weapons
 a - a +0 dagger
 K - the +7 Screaming Sword (weapon) {vorpal, sonic wave}
   (You found it in the Dungeon)

   It inflicts extra damage upon your enemies.
   It radiates damaging sonic waves as it strikes, especially in combat
   involving dangerous or numerous foes.
 L - the +5 sword of Power {vorpal}
   (You found it in the Dungeon)

   It inflicts extra damage upon your enemies.
   It occasionally discharges a powerful but inaccurate bolt of energy upon
   striking a foe, with increased chance the greater the wielder's current
   health.
 M - the +9 sword of Zonguldrok {reap}
   (You found it in the Dungeon)

   Any living foe damaged by it may be reanimated upon death as a zombie
   friendly to the wielder, with an increasing chance as more damage is dealt.
Armour
 b - a +0 robe
 c - a +0 hat (worn)
 j - a +3 kite shield
 k - a +3 tower shield
 l - a +3 buckler
 m - +5 fire dragon scales
 n - +5 ice dragon scales
 o - +5 storm dragon scales (worn)
 p - +5 shadow dragon scales
 q - +5 gold dragon scales
 r - a +5 crystal plate armour
 s - a +5 plate armour
 J - the +18 shield of the Gong (worn) {rElec rN+ Will+ EV-5}
   (You found it in the Dungeon)

   It is deafeningly noisy when blocking attacks.
   EV:        It affects your evasion (-5).
   rElec:     It insulates you from electricity.
   rN:        It protects you from negative energy.
   Will:      It increases your willpower.
Jewellery
 w - a ring of willpower
 B - a ring of flight
 C - a +6 ring of dexterity
 D - a +6 ring of dexterity
 E - a +6 ring of intelligence
 F - a +6 ring of intelligence
 G - a +6 ring of strength (left hand)
 H - a +6 ring of strength
 P - a ring of poison resistance
 Q - an amulet of magic regeneration (around neck)
 R - a +4 ring of evasion (right hand)
Wands
 y - a wand of mindburst (7)
 z - a wand of iceblast (6)
 A - a wand of acid (6)
Scrolls
 i - a scroll of blinking
 O - 4 scrolls of enchant armour
Potions
 d - 10 potions of curing
 e - 10 potions of heal wounds
 f - 6 potions of haste
 g - 7 potions of magic
 h - 2 potions of berserk rage
 t - 2 potions of brilliance
 u - 2 potions of invisibility
 v - 4 potions of resistance
 x - 5 potions of might
Miscellaneous
 I - a lightning rod (4/4) (quivered)
 N - a phial of floods (inert)


   Skills:
 + Level 0.4 Fighting
 + Level 13.5 Long Blades
 + Level 0.2 Armour
 + Level 2.1 Dodging
 - Level 1.7 Stealth
 - Level 9.0 Shields
 - Level 3.3 Spellcasting
 - Level 1.7 Conjurations
 - Level 1.4 Summonings
 - Level 1.7 Translocations
 + Level 0.4 Invocations
 - Level 12.8 Evocations


You had 13 spell levels left.
You knew the following spells:

 Your Spells              Type           Power      Damage    Failure   Level
a - Magic Dart            Conj           28%        1d4       80%         1

Your spell library contained the following spells:

 Spells                   Type           Power      Damage    Failure   Level
 Blink                    Tloc           N/A        N/A       89%         2
 Call Imp                 Summ           6%         N/A       92%         2
 Static Discharge         Conj/Air       5%         N/A       96%         2
 Ensorcelled Hibernation  Hex/Ice        4%         N/A       99%         2
 Slow                     Hex            2%         N/A       99%         2
 Conjure Flame            Conj/Fire      5%         6-21      99%         3
 Mephitic Cloud           Conj/Pois/Air  4%         N/A       100%        3
 Ozocubu's Armour         Ice            2%         N/A       100%        3
 Ozocubu's Refrigeration  Ice            1%         4d5       100%        7


Dungeon Overview and Level Annotations

Branches:
Dungeon (1/1)

Altars:
Ashenzari
Cheibriados
Dithmenos
Elyvilon
Fedhas
Gozag
Hepliaklqana
Kikubaaqudgha
Makhleb
Nemelex Xobeh
Okawaru
Qazlal
Ru
Sif Muna
Trog
Uskayaw
Vehumet
Wu Jian
Xom
Yredelemnul
Zin
The Shining One
Beogh
Jiyva
Lugonu

Annotations:
D 1 transporter


Innate Abilities, Weirdness & Mutations

You are completely covered in rugged brown scales. (AC +3, +7% HP)
You have supernaturally acute eyesight. (SInv)
Armour fits poorly on your strangely shaped body.
You can roll at nearby foes to attack.
You have a long armoured tail.
You curl defensively after being hit.


Message History

You kill the shadow imp!
Makhleb accepts your kill.
The iceblast engulfs Hoesugyh!!
Hoesugyh is lightly wounded.
A red film seems to cover your vision as you go berserk!
You feel yourself moving faster!
You feel mighty! Hoesugyh hits you!
You feel your power leaking away. Hoesugyh hits you!
You feel yourself speed up.
You completely miss Hoesugyh.
Your tail-slap misses Hoesugyh.
Hoesugyh is lightly wounded.
You completely miss Hoesugyh.
Hoesugyh is lightly wounded.
You block Hoesugyh's attack.
GONNNNG!
You completely miss Hoesugyh.
Hoesugyh is lightly wounded.
Hoesugyh hits you!!
You are poisoned.
You miss Hoesugyh.
Hoesugyh is lightly wounded.
You feel very sick. You block the ufetubus's attack.
PTOANNNG!
You block the ufetubus's attack.
PANG!
You block Hoesugyh's attack.
BOUMMMMG!
You feel sick. Hoesugyh hits you!!
* * * LOW HITPOINT WARNING * * *
You feel your power leaking away.
You feel a strong urge to attack something.
* * * LOW HITPOINT WARNING * * *
You feel sick.
* * * LOW HITPOINT WARNING * * *
You feel sick.
Found a transporter.
You feel your anger nearly subside.
You are no longer berserk.
You are exhausted.
You feel yourself slow down.
You die...

▓▓▓▓▓▓▓▓▓
▓..8©8..▓
▓..)}=..▓
▓≈.)):..▓
▓≈≈≈≈≈..▓
▓≈≈≈≈...▓
▓≈≈≈≈≈..▓
▓≈...≈..▓
▓@▓55.▓.▓
▓..&©...▓
▓▓▓▓▓▓▓▓▓


You could see Hoesugyh (waterlogged).

Vanquished Creatures
  A deep elf high priest (D)
  A dancing weapon (D)
  A deep elf knight (D)
  2 deep elf pyromancers (D)
  2 yaks (D)
  2 wolves (D)
  An earth elemental (D)
  A crimson imp (D)
  An orc priest (D)
  A jelly (D)
  3 iguanas (D)
  An orc wizard (D)
  3 river rats (D)
  2 shadow imps (D)
  2 orcs (D)
  An endoplasm (D)
  2 jackals (D)
27 creatures vanquished.

Notes
Turn   | Place    | Note
-------+----------+-------------------------------------------
     0 | D        | MikeHunt the Palentonga Hedge Wizard began the quest for
                  | the Orb.
     0 | D        | Reached XP level 1. HP: 13/13 MP: 4/4
     0 | D        | Found a blossoming altar of Fedhas.
     0 | D        | Found the +6 Majin-Bo {vamp, MP+6 Int+6}
     0 | D        | Found the +9 heavy crossbow "Sniper" {vorpal, Acc+∞ SInv}
     0 | D        | Found the +10 dark maul {vorpal}
     0 | D        | Found the +15 Maxwell's patent armour {-Cast -Tele rElec
                  | Will+ rCorr}
     0 | D        | Found the +18 shield of the Gong {rElec rN+ Will+ EV-5}
     0 | D        | Found the +14 obsidian axe {vorpal, Drain Fly SInv}
     0 | D        | Found the +7 great mace "Firestarter" {inner flame, rF++}
     0 | D        | Found the +6 shillelagh "Devastator" {shatter}
     0 | D        | Found the +11 plutonium sword {Contam Stlth-}
     0 | D        | Found the +8 lance "Wyrmbane" {slay drac, rPois rF+ rC+
                  | AC+3}
     0 | D        | Found the +9 sword of Zonguldrok {reap}
     0 | D        | Found the +13 scythe of Curses {drain, Drain}
     0 | D        | Found the +5 sword of Power {vorpal}
     0 | D        | Found the +7 mace of Variability {chain chaos}
     0 | D        | Found the +7 Singing Sword {vorpal, sonic wave}
     0 | D        | Found the +8 storm bow {elec, penet}
     7 | D        | Found a shimmering blue altar of Sif Muna.
     7 | D        | Found a sacrificial altar of Ru.
     7 | D        | Found a bloodstained altar of Trog.
     7 | D        | Found a stormy altar of Qazlal.
     7 | D        | Found an iron altar of Okawaru.
     7 | D        | Found a sparkling altar of Nemelex Xobeh.
    12 | D        | Banished a spatial maelstrom
    13 | D        | Found a corrupted altar of Lugonu.
    13 | D        | Found an ancient bone altar of Kikubaaqudgha.
    13 | D        | Found a burning altar of Makhleb.
    13 | D        | Found a transporter.
    13 | D        | Found a viscous altar of Jiyva.
    13 | D        | Found a hazy altar of Hepliaklqana.
    27 | D        | Became a worshipper of Makhleb the Destroyer
    32 | D        | Found an opulent altar of Gozag.
    52 | D        | Reached skill level 5 in Long Blades
    52 | D        | Reached XP level 2. HP: 20/20 MP: 6/6
    54 | D        | Entered arena 2.
    54 | D        | Found a transporter.
    57 | D        | Reached skill level 1 in Conjurations
    57 | D        | Reached skill level 1 in Summonings
    57 | D        | Reached XP level 3. HP: 25/25 MP: 7/7
    65 | D        | Entered arena 3.
    65 | D        | Noticed a wolf
    65 | D        | Noticed a yak
    65 | D        | Found a transporter.
    67 | D        | Reached * piety under Makhleb
    67 | D        | Killed a wolf
    68 | D        | Reached skill level 6 in Long Blades
    68 | D        | Reached skill level 5 in Evocations
    68 | D        | Reached XP level 4. HP: 32/32 MP: 8/8
    69 | D        | Killed a yak
    70 | D        | Reached skill level 7 in Long Blades
    70 | D        | Reached XP level 5. HP: 37/37 MP: 9/9
    81 | D        | Entered arena 4.
    81 | D        | Found a transporter.
    83 | D        | Reached ** piety under Makhleb
    84 | D        | Reached XP level 6. HP: 43/43 MP: 10/10
    95 | D        | Entered arena 5.
    95 | D        | Found a transporter.
    97 | D        | Reached *** piety under Makhleb
    98 | D        | Reached skill level 8 in Long Blades
    98 | D        | Reached skill level 5 in Shields
   108 | D        | Entered arena 6.
   108 | D        | Noticed a yak
   108 | D        | Found a transporter.
   111 | D        | Killed a yak
   111 | D        | Reached **** piety under Makhleb
   112 | D        | Reached skill level 9 in Long Blades
   112 | D        | Gained mutation: You curl defensively after being hit.
                  | [Palentonga growth]
   112 | D        | Reached XP level 7. HP: 48/49 MP: 11/11
   129 | D        | Entered arena 7.
   129 | D        | Noticed a deep elf pyromancer
   129 | D        | Noticed a deep elf pyromancer
   129 | D        | Noticed a deep elf knight
   129 | D        | Noticed a +1 vorpal mace
   129 | D        | Noticed a deep elf high priest
   133 | D        | Killed a deep elf high priest
   133 | D        | Reached ***** piety under Makhleb
   133 | D        | Killed a deep elf knight
   133 | D        | Killed a deep elf pyromancer
   133 | D        | Killed a deep elf pyromancer
   134 | D        | Reached skill level 12 in Long Blades
   134 | D        | Reached XP level 8. HP: 55/55 MP: 12/12
   134 | D        | Reached XP level 9. HP: 60/60 MP: 13/13
   137 | D        | Killed a +1 vorpal mace
   138 | D        | Reached skill level 13 in Long Blades
   138 | D        | Found a transporter.
   159 | D        | Got The Foundations of Thaumaturgy
   173 | D        | Entered arena 8.
   173 | D        | Noticed Hoesugyh the pandemonium lord
   183 | D        | HP: 4/93 [poisoned by Hoesugyh]
   185 | D        | Found a transporter.
   185 | D        | Succumbed to Hoesugyh's poison

Illustrated notes

Levels and vault maps discovered:
D:        sprint_v [room_start, room_1, room_2, room_3, room_4, room_5, room_6,
          room_7, room_8, room_9, room_10, room_11, room_12, room_13, room_14,
          room_15, room_16, room_17, room_18, room_19, room_20, room_21,
          room_22, room_23, room_24, room_25, room_26, room_27]

Skill      XL: |  1  2  3  4  5  6  7  8  9 |
---------------+----------------------------+-----
Long Blades    | 5 6 7 9 12 13 | 13.5
Evocations     | 4 5 7 8 12 | 12.8
Dodging        | 2 |  2.1
Conjurations   | 1 |  1.7
Summonings     | 1 |  1.4
Shields        | 2 4 6 9 |  9.0
Fighting       | |  0.4
Armour         | |  0.2
Stealth        | |  1.7
Spellcasting   | |  3.3
Translocations | |  1.7
Invocations    | |  0.4

Action                   |  1- 3 |  4- 6 |  7- 9 || total
-------------------------+-------+-------+-------++-------
Melee: Double sword      |       |     3 |    13 ||    16
       Tailslap          |       |       |     1 ||     1
Evoke: Lightning rod     |     4 |     7 |     4 ||    15
       Wand              |       |       |     2 ||     2
       Phial of floods   |       |       |     1 ||     1
  Use: Potion            |     1 |       |     1 ||     2
Armor: Storm dragon scal |       |     2 |     2 ||     4
Dodge: Dodged            |       |     3 |     1 ||     4
Block: Buckler           |       |     1 |     5 ||     6
       Kite shield       |       |       |     4 ||     4
       Rpst.: Double sword |       |     2 |       ||     2

Table legend: (Time is in decaauts)
 A = Elapsed time spent in this place.
 B = Non-inter-level travel time spent in this place.
 C = Inter-level travel time spent in this place.
 D = Time resting spent in this place.
 E = Time spent auto-exploring this place.
 F = Levels seen in this place.
 G = Mean time per level.
                   A        B        C        D        E       F      G
               +--------+--------+--------+--------+--------+-----+--------+
         Total |    178 |    178 |      0 |      0 |      0 |   1 |  178.0 |
       Dungeon |    178 |    178 |      0 |      0 |      0 |   1 |  178.0 |
               +--------+--------+--------+--------+--------+-----+--------+

Top non-repeatable levels by time:
       D: 178 daAuts
